BSA
MAUI TROPICS @ JERSEY SHORE D-BAGS
05/02/2029
 
TOP OF THE 1ST
Maui Tropics batting - Pitching for Jersey Shore D-Bags : RHP José Ramos
Pitching: RHP José Ramos
Batting: RHB Roberto Gómez 0-0: Ball
1-0: Ball
2-0: Foul Ball, location: 2F
2-1: Swinging Strike
2-2: Strikes out looking
Batting: LHB Dave Cook 0-0: Swinging Strike
0-1: Foul Ball, location: 2F
0-2: Ball
1-2: Ball
2-2: SINGLE (Flyball, 8LM)
Batting: RHB Jesús Espinoza 0-0: SINGLE (Groundball, 3D)
Dave Cook to second
Batting: RHB Luis Alou 0-0: SINGLE (Groundball, 56D)
Dave Cook to third
Jesús Espinoza to second
Batting: LHB Luis Antonio Torres 0-0: Swinging Strike
0-1: Ball
1-1: Foul Ball, location: 2F
1-2: Ball
2-2: Foul Ball, location: 2F
2-2: Grounds into double play, 4-6-3 (Groundball, 34)
Top of the 1st over - 0 runs, 3 hits, 0 errors, 2 left on base; Maui 0 - Jersey Shore 0
BOTTOM OF THE 1ST
Jersey Shore D-Bags batting - Pitching for Maui Tropics : RHP Júlio González
Pitching: RHP Júlio González
Batting: LHB Juan Hernández 0-0: Foul Ball, location: 2F
0-1: Ground out 3-1 (Groundball, 34)
Batting: RHB Ricardo González 0-0: Ball
1-0: Called Strike
1-1: Ground out 1-3 (Groundball, P)
Batting: LHB Dave Dodd 0-0: Ball
1-0: Ball
2-0: Ground out 6-3 (Groundball, 6)
Bottom of the 1st over - 0 runs, 0 hits, 0 errors, 0 left on base; Maui 0 - Jersey Shore 0
TOP OF THE 2ND
Maui Tropics batting - Pitching for Jersey Shore D-Bags : RHP José Ramos
Batting: LHB Ernesto López 0-0: SINGLE (Groundball, 34D)
Batting: RHB Michael Woodruff 0-0: Ball
1-0: Foul Ball, location: 2F
1-1: Called Strike
1-2: Strikes out looking
Batting: RHB Matt Silver 0-0: Ball
1-0: Ball
2-0: Foul Ball, location: 2F
2-1: Grounds into double play, 5-4-3 (Groundball, 56)
Top of the 2nd over - 0 runs, 1 hit, 0 errors, 0 left on base; Maui 0 - Jersey Shore 0
BOTTOM OF THE 2ND
Jersey Shore D-Bags batting - Pitching for Maui Tropics : RHP Júlio González
Batting: RHB Miguel Serna 0-0: Foul Ball, location: 2F
0-1: Ball
1-1: Called Strike
1-2: Foul Ball, location: 2F
1-2: Ball
2-2: Foul Ball, location: 2F
2-2: SINGLE (Line Drive, 4MD)
Batting: LHB António Cedeño 0-0: Ball
1-0: Ball
2-0: Ball
3-0: Base on Balls
Miguel Serna to second
Batting: LHB Ed Murray 0-0: Ball
1-0: Ground out U3 (Groundball, 34S)
Miguel Serna to third
António Cedeño to second
Batting: LHB Albert Morgan 0-0: Ball
1-0: Called Strike
1-1: Swinging Strike
1-2: SINGLE (Line Drive, 8RS)
Miguel Serna scores
António Cedeño to third
Batting: RHB Tetsunori Ito 0-0: Ball
1-0: Ball
2-0: Ball
3-0: Base on Balls
Albert Morgan to second
Batting: RHB Greg Lee 0-0: Called Strike
0-1: Ground out 3-1 (Groundball, 34S)
António Cedeño scores
Albert Morgan to third
Tetsunori Ito to second
Batting: LHB Juan Hernández 0-0: Ball
1-0: Foul Ball, location: 2F
1-1: Ground out U3 (Groundball, 3)
Bottom of the 2nd over - 2 runs, 2 hits, 0 errors, 2 left on base; Maui 0 - Jersey Shore 2
TOP OF THE 3RD
Maui Tropics batting - Pitching for Jersey Shore D-Bags : RHP José Ramos
Batting: RHB Alfredo Ramírez 0-0: Called Strike
0-1: Ball
1-1: Foul Ball, location: 2F
1-2: Strikes out swinging
Batting: RHB Roberto Gómez 0-0: Ball
1-0: Called Strike
1-1: SINGLE (Groundball, 6D)
Batting: LHB Dave Cook 0-0: Called Strike
0-1: Ball
Roberto Gómez steals 2nd base
1-1: Ball
2-1: Ball
3-1: SINGLE (Line Drive, 8RS)
Roberto Gómez to third
Batting: RHB Jesús Espinoza 0-0: Ball
1-0: Ball
2-0: Called Strike
2-1: Foul Ball, location: 2F
2-2: Grounds into double play, 4-6-3 (Groundball, 4)
Top of the 3rd over - 0 runs, 2 hits, 0 errors, 1 left on base; Maui 0 - Jersey Shore 2
BOTTOM OF THE 3RD
Jersey Shore D-Bags batting - Pitching for Maui Tropics : RHP Júlio González
Batting: RHB Ricardo González 0-0: Ball
1-0: Ball
2-0: Called Strike
2-1: Ball
3-1: Base on Balls
Batting: LHB Dave Dodd 0-0: Ball
1-0: Ball
2-0: Ball
3-0: Base on Balls
Ricardo González to second
Batting: RHB Miguel Serna 0-0: Ball
1-0: Called Strike
1-1: Foul Ball, location: 2F
1-2: SINGLE (Line Drive, 78M)
Ricardo González to third
Dave Dodd to second
Runner from 3rd tries for Home, SAFE, throw made home
Now in LF: Don Hull
Batting: LHB António Cedeño 0-0: Ball
1-0: Ball
2-0: Ball
3-0: Base on Balls
Dave Dodd to third
Miguel Serna to second
Batting: LHB Ed Murray 0-0: Ball
1-0: Ball
2-0: Swinging Strike
2-1: Called Strike
2-2: Grounds into double play, 4-6-3 (Groundball, 4D)
Dave Dodd scores
Miguel Serna to third
Batting: LHB Albert Morgan 0-0: Ground out 5-3 (Groundball, 56S)
Bottom of the 3rd over - 2 runs, 1 hit, 0 errors, 1 left on base; Maui 0 - Jersey Shore 4
TOP OF THE 4TH
Maui Tropics batting - Pitching for Jersey Shore D-Bags : RHP José Ramos
Batting: LHB Don Hull 0-0: Ball
1-0: SINGLE (Groundball, 6MD)
Batting: LHB Luis Antonio Torres 0-0: Foul Ball, location: 2F
0-1: Ball
1-1: Called Strike
1-2: Ball
2-2: Foul Ball, location: 2F
2-2: Strikes out looking
Batting: LHB Ernesto López 0-0: Foul Ball, location: 2F
0-1: Ball
1-1: Ball
2-1: SINGLE (Flyball, 8LS)
Don Hull to second
Batting: RHB Michael Woodruff 0-0: Swinging Strike
0-1: Foul Ball, location: 2F
0-2: Ground out U3 (Groundball, 34S)
Don Hull to third
Ernesto López to second
Batting: RHB Matt Silver 0-0: Ball
1-0: Ball
2-0: Foul Ball, location: 2F
2-1: Ball
3-1: Fly out, F8 (Flyball, 8LM)
Top of the 4th over - 0 runs, 2 hits, 0 errors, 2 left on base; Maui 0 - Jersey Shore 4
BOTTOM OF THE 4TH
Jersey Shore D-Bags batting - Pitching for Maui Tropics : RHP Júlio González
Batting: RHB Tetsunori Ito 0-0: Swinging Strike
0-1: Ground out 4-3 (Groundball, 34)
Batting: RHB Greg Lee 0-0: Called Strike
0-1: Swinging Strike
0-2: Ball
1-2: Strikes out swinging
Batting: LHB Juan Hernández 0-0: Ball
1-0: SINGLE (Groundball, 6D)
Batting: RHB Ricardo González 0-0: Foul Ball, location: 2F
0-1: Ball
1-1: Reached on error, E2 (Groundball, 15S)
Juan Hernández to third
Batting: LHB Dave Dodd 0-0: Called Strike
0-1: Called Strike
0-2: Ball
1-2: Foul Ball, location: 2F
1-2: Strikes out swinging
Bottom of the 4th over - 0 runs, 1 hit, 1 error, 2 left on base; Maui 0 - Jersey Shore 4
TOP OF THE 5TH
Maui Tropics batting - Pitching for Jersey Shore D-Bags : RHP José Ramos
Batting: RHB Alfredo Ramírez 0-0: Ground out 4-3 (Groundball, 34)
Batting: RHB Roberto Gómez 0-0: Called Strike
0-1: Swinging Strike
0-2: Ball
1-2: Strikes out swinging
Batting: LHB Dave Cook 0-0: Called Strike
0-1: Foul Ball, location: 2F
0-2: Fly out, F7 (Flyball, 7LS)
Top of the 5th over - 0 runs, 0 hits, 0 errors, 0 left on base; Maui 0 - Jersey Shore 4
BOTTOM OF THE 5TH
Jersey Shore D-Bags batting - Pitching for Maui Tropics : RHP Júlio González
Batting: RHB Miguel Serna 0-0: Called Strike
0-1: Foul Ball, location: 2F
0-2: Foul Ball, location: 2F
0-2: Ball
1-2: Strikes out swinging
Batting: LHB António Cedeño 0-0: Ball
1-0: Called Strike
1-1: Ball
2-1: Swinging Strike
2-2: Foul Ball, location: 2F
2-2: Ball
3-2: Base on Balls
Batting: LHB Ed Murray 0-0: Ball
1-0: Foul Ball, location: 2F
1-1: Ball
2-1: Ball
3-1: Base on Balls
António Cedeño to second
Batting: LHB Albert Morgan 0-0: Ball
1-0: Ball
2-0: Ball
3-0: Called Strike
3-1: Base on Balls
António Cedeño to third
Ed Murray to second
Batting: RHB Tetsunori Ito 0-0: Foul Ball, location: 2F
0-1: Called Strike
0-2: Strikes out swinging
Batting: RHB Greg Lee 0-0: Ground out 1-3 (Groundball, 15)
Bottom of the 5th over - 0 runs, 0 hits, 0 errors, 3 left on base; Maui 0 - Jersey Shore 4
TOP OF THE 6TH
Maui Tropics batting - Pitching for Jersey Shore D-Bags : RHP José Ramos
Batting: RHB Jesús Espinoza 0-0: Called Strike
0-1: Ball
1-1: Ball
2-1: Swinging Strike
2-2: SOLO HOME RUN (Flyball, 7LD), Distance : 360 ft
Batting: LHB Don Hull 0-0: Called Strike
0-1: Ball
1-1: Ball
2-1: Ground out 4-3 (Groundball, 4)
Batting: LHB Luis Antonio Torres 0-0: Called Strike
0-1: Called Strike
0-2: Ball
1-2: Ball
2-2: Ground out 4-3 (Groundball, 4)
Batting: LHB Ernesto López 0-0: Ball
1-0: Called Strike
1-1: Ground out 3-1 (Groundball, 34)
Top of the 6th over - 1 run, 1 hit, 0 errors, 0 left on base; Maui 1 - Jersey Shore 4
BOTTOM OF THE 6TH
Jersey Shore D-Bags batting - Pitching for Maui Tropics : RHP Júlio González
Pitching: RHP Archie Summers
Batting: LHB Juan Hernández 0-0: Ground out 6-3 (Groundball, 6)
Batting: RHB Ricardo González 0-0: Called Strike
0-1: Called Strike
0-2: Ball
1-2: Ball
2-2: Ball
3-2: SINGLE (Groundball, 56D)
Batting: LHB Dave Dodd 0-0: Ball
1-0: Ball
2-0: Ball
3-0: Called Strike
3-1: Foul Ball, location: 2F
3-2: Fly out, F6 (Popup, P)
Batting: RHB Miguel Serna 0-0: Called Strike
0-1: Foul Ball, location: 2F
0-2: SINGLE (Groundball, 56D)
Ricardo González to second
Batting: LHB António Cedeño 0-0: Called Strike
0-1: Called Strike
0-2: Hit by Pitch
Ricardo González to third
Miguel Serna to second
Batting: LHB Ed Murray 0-0: Ball
1-0: Ball
Wild Pitch!
Ricardo González scores
Miguel Serna to third
António Cedeño to second
2-0: Ball
3-0: Called Strike
3-1: Foul Ball, location: 2F
3-2: Ground out 3-1 (Groundball, 34S)
Bottom of the 6th over - 1 run, 2 hits, 0 errors, 2 left on base; Maui 1 - Jersey Shore 5
TOP OF THE 7TH
Maui Tropics batting - Pitching for Jersey Shore D-Bags : RHP José Ramos
Batting: RHB Michael Woodruff 0-0: Called Strike
0-1: Ground out 4-3 (Groundball, 4)
Batting: RHB Matt Silver 0-0: Called Strike
0-1: Ball
1-1: Fly out, F7 (Flyball, 7D)
Batting: RHB Alfredo Ramírez 0-0: Called Strike
0-1: Foul Ball, location: 2F
0-2: Ball
1-2: Ball
2-2: Foul Ball, location: 2F
2-2: Ground out 6-3 (Groundball, 6)
Top of the 7th over - 0 runs, 0 hits, 0 errors, 0 left on base; Maui 1 - Jersey Shore 5
BOTTOM OF THE 7TH
Jersey Shore D-Bags batting - Pitching for Maui Tropics : RHP Archie Summers
Batting: LHB Albert Morgan 0-0: Ball
1-0: Foul Ball, location: 2F
1-1: Ball
2-1: DOUBLE (Line Drive, 89XD)
Batting: RHB Tetsunori Ito 0-0: Ball
1-0: Ball
2-0: Called Strike
2-1: Ground out 5-3 (Groundball, 5L)
Batting: RHB Greg Lee 0-0: Called Strike
0-1: Called Strike
0-2: Foul Ball, location: 2F
0-2: Foul Ball, location: 2F
0-2: Strikes out swinging
Batting: LHB Juan Hernández 0-0: Ground out 5-3 (Groundball, 5)
Bottom of the 7th over - 0 runs, 1 hit, 0 errors, 1 left on base; Maui 1 - Jersey Shore 5
TOP OF THE 8TH
Maui Tropics batting - Pitching for Jersey Shore D-Bags : RHP José Ramos
Batting: RHB Roberto Gómez 0-0: Ball
1-0: Called Strike
1-1: Ball
2-1: Swinging Strike
2-2: Foul Ball, location: 2F
2-2: Strikes out swinging
Batting: LHB Dave Cook 0-0: Foul Ball, location: 2F
0-1: Ground out 4-3 (Groundball, 4M)
Batting: RHB Jesús Espinoza 0-0: Ball
1-0: Called Strike
1-1: Ball
2-1: SOLO HOME RUN (Flyball, 7LD), Distance : 365 ft
Batting: LHB Don Hull 0-0: Ball
1-0: Called Strike
1-1: Called Strike
1-2: Ball
2-2: Fly out, F9 (Flyball, 89D)
Top of the 8th over - 1 run, 1 hit, 0 errors, 0 left on base; Maui 2 - Jersey Shore 5
BOTTOM OF THE 8TH
Jersey Shore D-Bags batting - Pitching for Maui Tropics : RHP Archie Summers
Batting: RHB Ricardo González 0-0: Ball
1-0: Ball
2-0: Swinging Strike
2-1: Foul Ball, location: 2F
2-2: Fly out, F7 (Flyball, 78D)
Batting: LHB Dave Dodd 0-0: Ball
1-0: SOLO HOME RUN (Flyball, 89XD), Distance : 417 ft
Pitching: RHP David Bailey
Batting: RHB Miguel Serna 0-0: DOUBLE (Groundball, 5L)
Batting: LHB António Cedeño 0-0: Intentional Walk
Batting: LHB Ed Murray 0-0: Ball
1-0: Foul Ball, location: 2F
1-1: Foul Ball, location: 2F
1-2: Fly out, F8 (Flyball, 8RD)
Batting: LHB Albert Morgan 0-0: Called Strike
0-1: Ball
1-1: Ball
2-1: Ball
Wild Pitch!
Miguel Serna to third
António Cedeño to second
3-1: Foul Ball, location: 2F
3-2: DOUBLE (Line Drive, 8RXD)
Miguel Serna scores
António Cedeño scores
Batting: RHB Tetsunori Ito 0-0: Called Strike
0-1: Ball
1-1: Ball
2-1: Swinging Strike
2-2: Foul Ball, location: 2F
2-2: Strikes out looking
Bottom of the 8th over - 3 runs, 3 hits, 0 errors, 1 left on base; Maui 2 - Jersey Shore 8
TOP OF THE 9TH
Maui Tropics batting - Pitching for Jersey Shore D-Bags : RHP José Ramos
Batting: LHB Luis Antonio Torres 0-0: Ball
1-0: Ball
2-0: SINGLE (Line Drive, 34)
Batting: LHB Ernesto López 0-0: Called Strike
0-1: Ball
1-1: Called Strike
1-2: Ball
2-2: Fly out, F5 (Popup, 5L)
Pitching: RHP Barry Garner
Batting: RHB Michael Woodruff 0-0: Ball
1-0: Foul Ball, location: 2F
1-1: Called Strike
1-2: Foul Ball, location: 2F
1-2: Ball
2-2: Foul Ball, location: 2F
2-2: Foul Ball, location: 2F
2-2: Strikes out looking
Batting: RHB Matt Silver 0-0: Ball
1-0: Swinging Strike
1-1: Foul Ball, location: 2F
1-2: SINGLE (Line Drive, 8LS)
Luis Antonio Torres to second
Batting: RHB Alfredo Ramírez 0-0: Ball
1-0: Called Strike
1-1: Swinging Strike
1-2: Ball
2-2: Strikes out swinging
Top of the 9th over - 0 runs, 2 hits, 0 errors, 2 left on base; Maui 2 - Jersey Shore 8
Saturday, December 16th, 2017 - OOTP Baseball 18.8 Build 76